 Dungeon Crawl Stone Soup version 0.28-a0-476-g0f06bd746f (webtiles) character file.

Game seed: 8297318955181194170

37 lesonaxe the Slasher (level 3, -2/30 HPs)
             Began as a Minotaur Gladiator on Sept 16, 2021.
             Slain by a gnoll (6 damage)
             ... on level 2 of the Dungeon on Sept 17, 2021.
             The game lasted 00:05:17 (1035 turns).

lesonaxe the Slasher (Minotaur Gladiator)           Turns: 1035, Time: 00:05:17

Health: -2/30      AC:  4    Str: 19    XL:     3   Next: 23%
Magic:  0/2        EV: 12    Int:  5    God:
Gold:   77         SH:  0    Dex: 11    Spells: 2/2 levels left

rFire   . . .      SeeInvis .   a - +0 long sword
rCold   . . .      Faith    .   (no shield)
rNeg    . . .      Spirit   +   b - +0 leather armour
rPois   .          Reflect  .   c - +0 hat
rElec   .          Harm     .   (no cloak)
rCorr   .          Rampage  .   (no gloves)
Will    .....                   j - +0 pair of boots
Stlth   +.........              f - amulet of guardian spirit
HPRegen 0.10/turn               (no ring)
MPRegen 0.08/turn               (no ring)

@: no status effects
A: horns 2, retaliatory headbutt
a: no special abilities


You were on level 2 of the Dungeon.
You visited 1 branch of the dungeon, and saw 2 of its levels.

You collected 77 gold pieces.

Inventory:

Hand Weapons
 a - a +0 long sword (weapon)
Missiles
 d - 3 throwing nets (quivered)
 e - 17 bolts
Armour
 b - a +0 leather armour (worn)
 c - a +0 hat (worn)
 j - a +0 pair of boots (worn)
Jewellery
 f - an amulet of guardian spirit (around neck)


   Skills:
 + Level 2.6 Fighting
 + Level 4.0 Long Blades
 + Level 2.2 Throwing
 + Level 1.6 Armour
 + Level 3.9 Dodging


You had 2 spell levels left.
You didn't know any spells.
Your spell library was empty.

Dungeon Overview and Level Annotations

Branches:
Dungeon (2/15)

Altars:


Innate Abilities, Weirdness & Mutations

You have a pair of horns on your head.
You reflexively headbutt those who attack you in melee.


Message History

The gnoll shouts!
Found a scroll labelled SINGAW ULOUPNI.
The gnoll hits you from afar with a +0 halberd.
The gnoll hits you but does no damage.
A gnoll comes into view. It is wielding a +0 spear.
The gnoll shouts!
You hit the gnoll.
The gnoll is heavily wounded.
The gnoll completely misses you. The gnoll barely misses you.
You furiously retaliate!
You headbutt the gnoll, but do no damage.
You slash the gnoll!
You kill the gnoll!
The gnoll closely misses you. x2
Your Long Blades skill increases to level 4!
The gnoll closely misses you. The gnoll barely misses you. x2
You barely miss the gnoll. You headbutt the gnoll!
The gnoll is severely wounded.
The gnoll hits you with a +0 spear!
* * * LOW HITPOINT WARNING * * *
The gnoll barely misses you.
You barely miss the gnoll.
The gnoll is severely wounded.
The gnoll hits you with a +0 spear.
* * * LOW HITPOINT WARNING * * *
The gnoll closely misses you.
You closely miss the gnoll. You headbutt the gnoll.
You kill the gnoll!
The gnoll hits you with a +0 halberd.
* * * LOW HITPOINT WARNING * * *
Your Armour skill increases to level 1!
You have reached level 3!
Your experience leads to an increase in your attributes!
Increase (S)trength, (I)ntelligence, or (D)exterity?
Uppercase letters only, please.
You feel stronger. The gnoll barely misses you.
The gnoll hits you from afar with a +0 halberd.
You die...

.#.######..).......####+##.
...........).......# .
##.......#.....##### .
#.......#.)...#
######.......#.....#
#...##.......##...##
#...##.......''g..+
###...##.......##...##.#
.......'.....รท[.@......#
#.######...............#
#.# ########.#...##.# #.#
#.##### .# #.# #.# . #.#
#.# ..# #.# ### #.# #


You could see a gnoll.

Vanquished Creatures
  2 gnolls (D:2)
  A worm (D:2)
  2 dart slugs (D:1)
  A goblin (D:2)
  2 hobgoblins (D:2)
  2 kobolds (D:1)
  A ball python (D:1)
  A bat (D:2)
  A frilled lizard (D:1)
  2 rats
15 creatures vanquished.

Notes
Turn   | Place    | Note
-------+----------+-------------------------------------------
     0 | D:1      | lesonaxe the Minotaur Gladiator began the quest for the
                  | Orb.
     0 | D:1      | Reached XP level 1. HP: 18/18 MP: 0/0
   374 | D:1      | Reached XP level 2. HP: 25/25 MP: 1/1
   723 | D:2      | Upgraded the game from 0.28-a0-474-g535839065c to
                  | 0.28-a0-476-g0f06bd746f
  1022 | D:2      | Reached skill level 4 in Long Blades
  1031 | D:2      | Reached skill level 1 in Armour
  1031 | D:2      | Reached XP level 3. HP: 3/30 MP: 0/2
  1035 | D:2      | Slain by a gnoll

Illustrated notes

Levels and vault maps discovered:
D:1:      nagdon_arrival_double_spiral, layout_basic
D:2:      layout_basic

Skill      XL: |  1  2 |
---------------+-------+-----
Long Blades    | 4 |  4.0
Armour         | 1 |  1.6
Fighting       | |  2.6
Throwing       | |  2.2
Dodging        | |  3.9

Action                   || total
-------------------------++-------
Melee: Long sword        ||    28
       Headbutt          ||     8
  Use: Scroll            ||     2
Armor: Leather armour    ||     6
Dodge: Dodged            ||    22

Table legend: (Time is in decaauts)
 A = Elapsed time spent in this place.
 B = Non-inter-level travel time spent in this place.
 C = Inter-level travel time spent in this place.
 D = Time resting spent in this place.
 E = Time spent auto-exploring this place.
 F = Levels seen in this place.
 G = Mean time per level.
                   A        B        C        D        E       F      G
               +--------+--------+--------+--------+--------+-----+--------+
         Total |   1087 |    986 |    101 |    225 |      0 |   2 |  543.5 |
       Dungeon |   1087 |    986 |    101 |    225 |      0 |   2 |  543.5 |
               +--------+--------+--------+--------+--------+-----+--------+

Top non-repeatable levels by time:
     D:1: 770 daAuts
     D:2: 316 daAuts
